 Dungeon Crawl Stone Soup version 0.26-a0-393-g67388ea (webtiles) character file.

Game seed: 3427429849416988589

47 Ayyar the Skirmisher (level 3, -1/30 HPs)
             Began as a Formicid Abyssal Knight on July 12, 2020.
             Was a Believer of Lugonu.
             Slain by Robin
             ... wielding a +0 dagger
              (2 damage)
             ... on level 2 of the Dungeon on July 22, 2020.
             The game lasted 00:06:53 (1874 turns).

Ayyar the Skirmisher (Formicid Abyssal Knight)      Turns: 1874, Time: 00:06:54

Health: -1/30      AC:  3    Str: 17    XL:     3   Next: 97%
Magic:  5/5        EV: 11    Int: 11    God:    Lugonu [**....]
Gold:   50         SH:  0    Dex: 10    Spells: 2/2 levels left

rFire    . . .     SeeInvis +   a - +1 spear
rCold    . . .     Faith    .   (no shield)
rNeg     . . .     Spirit   .   k - +0 leather armour
rPois    .         Reflect  .   (helmet unavailable)
rElec    .         Harm     .   (no cloak)
rCorr    .                      (no gloves)
MR       .....                  (no boots)
Stlth    +.........             (no amulet)
HPRegen  0.10/turn              (no ring)
MPRegen  0.09/turn              (no ring)

@: no status effects
A: permanent stasis, dig shafts and tunnels, four strong arms, antennae 3
a: Dig, Shaft Self, Depart the Abyss, Bend Space, Renounce Religion


You were on level 2 of the Dungeon.
You worshipped Lugonu.
Lugonu was pleased with you.
You visited 1 branch of the dungeon, and saw 2 of its levels.
You visited the Abyss 1 time.

You collected 50 gold pieces.

Inventory:

Hand Weapons
 a - a +1 spear (weapon)
 b - a +0 hunting sling
Missiles
 l - 18 stones (quivered)
Armour
 k - a +0 leather armour (worn)
Scrolls
 d - 2 scrolls of identify
 e - a scroll of fog {unknown}
 f - a scroll of immolation {unknown}
 g - a scroll of teleportation {unknown}
 h - a scroll of magic mapping
 m - 2 scrolls of amnesia {unknown}
 n - 2 scrolls of remove curse


   Skills:
 + Level 3.6 Fighting
 + Level 2.4 Polearms
 + Level 0.3 Slings
 + Level 2.7 Armour
 + Level 1.6 Dodging
 + Level 2.7 Invocations


You had 2 spell levels left.
You didn't know any spells.
Your spell library was empty.

Dungeon Overview and Level Annotations

Branches:
Dungeon (2/15)

Altars:

Annotations:
D:2 Robin


Innate Abilities, Weirdness & Mutations

You cannot be hasted, slowed, berserked, paralysed or teleported.
You can dig through walls and to a lower floor.
Your four strong arms can wield two-handed weapons with a shield.
You have a pair of large antennae on your head. (SInv)


Message History

You completely miss the hobgoblin. The goblin barely misses you.
The hobgoblin closely misses you.
You barely miss the hobgoblin. The goblin hits you with a +0 dagger.
* * * LOW HITPOINT WARNING * * *
The hobgoblin hits you with a +0 club.
* * * LOW HITPOINT WARNING * * *
You hit the hobgoblin but do no damage. The goblin barely misses you.
The hobgoblin hits you but does no damage.
You hit the hobgoblin.
You kill the hobgoblin!
Lugonu accepts your kill. The goblin closely misses you.
You barely miss Robin.
Robin is severely wounded.
The goblin hits you but does no damage. Robin hits you with a +0 dagger.
* * * LOW HITPOINT WARNING * * *
Your leather armour prevents you from hitting Robin.
Robin is severely wounded.
The goblin hits you but does no damage. Robin hits you with a +0 dagger.
You die...

##...# #..# ... ###.
...##..# ..
........#..#.# #...#
#....# ...# #..)#
#.###)..# #...(#.#.⌠.#
#.#g##..#.#.#
#.#@##...#.#
#.wg##..###.⌠
###########..##... #.#
#..).........##..#. #.
#.#########.%# .#.⌠ #>#
#######÷.##..#
#.###............#
#####.##...####..####.#
.................<..<..


You could see a worm, Robin and a goblin (strong).

Vanquished Creatures
  A dart slug (D:2)
  A leopard gecko (D:1)
  A ball python (D:1)
  A giant cockroach (D:1)
  12 goblins
  9 hobgoblins
  3 jackals (D:1)
  4 bats
  4 frilled lizards
  A kobold (D:1)
  2 rats (D:1)
39 creatures vanquished.

Notes
Turn   | Place    | Note
-------+----------+-------------------------------------------
     0 | Abyss:1  | Ayyar the Formicid Abyssal Knight began the quest for the
                  | Orb.
     0 | Abyss:1  | Reached XP level 1. HP: 18/18 MP: 2/2
    43 | Abyss:1  | Noticed a raiju
    45 | D:1      | Escaped the Abyss
   318 | D:1      | Reached skill level 1 in Dodging
   421 | D:1      | Reached * piety under Lugonu
   423 | D:1      | Reached XP level 2. HP: 24/24 MP: 3/3
  1066 | D:1      | Reached XP level 3. HP: 29/29 MP: 4/4
  1277 | D:2      | Upgraded the game from 0.26-a0-264-g3a47132 to
                  | 0.26-a0-393-g67388ea
  1551 | D:2      | Reached ** piety under Lugonu
  1846 | D:2      | Noticed Robin
  1873 | D:2      | HP: 1/30 [Robin/+0 dagger (1)]
  1874 | D:2      | Slain by Robin

Illustrated notes

Levels and vault maps discovered:
D:1:      heliophobic_arrival_dark_side_of_the_moon, layout_loops_ring,
          chequers_arboretum
D:2:      layout_loops_ring, grunt_temple_overflow_diamond, first_ration,
          grunt_decor_mini_mirrors, uniq_crazy_yiuf_cottage, uniq_robin

Skill      XL: |  1 |
---------------+----+-----
Dodging        | 1 |  1.6
Fighting       | |  3.6
Polearms       | |  2.4
Slings         | |  0.3
Armour         | |  2.7
Invocations    | |  2.7

Action                   || total
-------------------------++-------
Melee: Spear             ||   165
Invok: Depart the Abyss  ||     1
  Use: Scroll            ||     2
       Potion            ||     2
 Stab: Invisible         ||     2
  Eat: Removed food      ||     1
Armor: Leather armour    ||    39
Dodge: Dodged            ||    81

Table legend: (Time is in decaauts)
 A = Elapsed time spent in this place.
 B = Non-inter-level travel time spent in this place.
 C = Inter-level travel time spent in this place.
 D = Time resting spent in this place.
 E = Time spent auto-exploring this place.
 F = Levels seen in this place.
 G = Mean time per level.
                   A        B        C        D        E       F      G
               +--------+--------+--------+--------+--------+-----+--------+
         Total |   1871 |   1849 |     22 |    490 |   1085 |   3 |  623.7 |
       Dungeon |   1826 |   1804 |     22 |    490 |   1047 |   2 |  913.0 |
         Abyss |     45 |     45 |      0 |      0 |     38 |   1 |   45.0 |
               +--------+--------+--------+--------+--------+-----+--------+

Top non-repeatable levels by time:
     D:2: 595 daAuts
Note: time per level data comes from an upgraded game and may be incomplete.
